cohdb
Replays
Latest Replays
All Replays
Popular Replays
Top Player Replays
Match Explorer
How It Works
Community
CoH3 Stats
Reddit
Sign in to upload your games and track your stats! →
Sign in with Steam
Match 43083605
Unlisted
Match 43083605
Overview
Messages
Build Orders
End
Construct Infanterie Kompanie
Grenadier Squad
Grenadier Squad
MG 42 Machine Gun Team
Infanterie Officer Quarters
Selects Luftwaffe Battlegroup
Selects Stuka Strafing Run
Selects Luftwaffe Pioneer Support
Fallschirmpioneer Squad Paradrop
Grenadier Squad
Construct Luftwaffe Kompanie
Jäger Squad
Selects Fallschirmjäger Squad Paradrop
Luftwaffe Officer Quarters
Support Elements
Stuka Strafing Run
Fallschirmjäger Squad Paradrop
Stuka Strafing Run
Wirbelwind Flakpanzer
Construct Panzergrenadier Kompanie
Nebelwerfer 42 Rocket Launcher Team
Stuka Strafing Run
Selects Stuka Loiter
Jäger Squad
Selects Stuka Loiter
313390391
大清第一猞猁狲
AFKue
Scharkus1299
gUi
Ricky Mah
Yellow
The_Loewenhertz
0
0
Comments
sign in to comment!
No comments posted yet!